 Dungeon Crawl Stone Soup version 0.31.0-12-g77e489cdc1 (webtiles) character file.

Game seed: 1042536414961517913

16 spaghetti the Shooter (level 2, 26/26 HPs)
             Began as a Naga Hunter on Feb 18, 2024.
             Was an Initiate of Ashenzari.
             Quit the game on level 1 of the Dungeon.
             The game lasted 00:00:46 (671 turns).

spaghetti the Shooter (Naga Hunter)                  Turns: 671, Time: 00:00:47

Health: 26/26      AC:  3    Str: 13    XL:     2   Next: 54%
Magic:  2/2        EV:  9    Int:  9    God:    Ashenzari [......]
Gold:   25         SH:  0    Dex: 14    Spells: 1/1 levels left

rFire   . . .        a - +0 shortbow
rCold   . . .        (shield currently unavailable)
rNeg    . . .        c - +0 leather armour
rPois   +            (no helmet)
rElec   .            (no cloak)
rCorr   .            e - +0 pair of gloves
SInv    +            (no barding)
Will    .....        (no amulet)
Stlth   ++           (no ring)
HPRegen 0.24/turn    (no ring)
MPRegen 0.08/turn

%: no passive effects
@: very slow
A: AC +0, large, see invisible, deformed body, poison resistance, slowness 2,
spit poison 1, naga tail 1
a: Spit Poison, Renounce Religion


You were on level 1 of the Dungeon.
You worshipped Ashenzari.
Ashenzari was noncommittal.
You visited 1 branch of the dungeon, and saw 2 of its levels.

You collected 25 gold pieces.

Inventory:

Hand Weapons
 a - a +0 shortbow (weapon)
Armour
 c - a +0 leather armour (worn)
 e - a +0 pair of gloves (worn)
Scrolls
 b - a scroll of butterflies
 d - a scroll of poison
 f - a scroll of fog {unknown}
 h - a scroll of identify
Potions
 g - a potion of mutation {unknown}
 i - a potion of brilliance {unknown}


   Skills:
 - Level 2.0 Fighting
 + Level 4.2 Ranged Weapons
 - Level 1.5 Dodging
 - Level 1.5 Stealth


You had one spell level left.
You didn't know any spells.
Your spell library contained the following spells:

 Spells                   Type           Power      Damage    Failure   Level
 Jinxbite                 Hex            0%         N/A       61%         2
 Dazzling Flash           Conj/Hex       0%         N/A       83%         3
 Volatile Blastmotes      Fire/Tloc      0%         2d10      83%         3
 Yara's Violent Unravell  Hex/Alch       0%         3d3       100%        5
 Starburst                Conj/Fire      0%         6d3       100%        6
 Enfeeble                 Hex            0%         N/A       100%        7
 Maxwell's Capacitive Co  Air            0%         ∞         100%        8


Dungeon Overview and Level Annotations

Branches:
Dungeon (2/15)

Altars:
Ashenzari

Shops:
D:1 *


Innate Abilities, Weirdness & Mutations

Your serpentine skin is tough. (AC +0)
You have supernaturally acute eyesight. (SInv)
Armour fits poorly on your strangely shaped body.
Your system is resistant to poisons. (rPois)
You cover ground very slowly.
You can spit poison.
You have a snake-like lower body.


Message History

Done exploring.
Done exploring.
Done exploring.
You see here a +0 dagger.
There is a stone staircase leading down here.
You climb downwards.
Found a scroll labelled SEESIR HUIRPH.
There is a stone staircase leading up here.
f - a scroll labelled SEESIR HUIRPH A bat comes into view.
A bat is nearby!
You shoot an arrow. The arrow barely misses the bat.
You shoot an arrow. The arrow hits the bat.
The bat is severely wounded.
The bat hits you but does no damage. The bat barely misses you.
You shoot an arrow. The arrow barely misses the bat.
The bat closely misses you. The bat hits you but does no damage.
You shoot an arrow. The arrow hits the bat.
You kill the bat!
No target in view!
No target in view!
You can't go up here!
You see here a bat corpse.
There is a stone staircase leading up here.
You climb upwards.
There is a stone staircase leading down here.
Search for what [? for help]? .
You see here a +0 dagger.
There is a faded altar of an unknown god here.
This altar belongs to (a) Ashenzari, (b) Gozag or (c) Kikubaaqudgha, but you can't tell which.
Press the corresponding letter to learn more about a god, or press enter to convert or escape to cancel.
Ashenzari accepts your prayer! Ashenzari welcomes you!
Ashenzari warns you of distant threats and treasures.
Ashenzari shows you where magical portals lie.
Unknown command.
Press < or > to pray at altars.
Unknown command.
Press < or > to pray at altars.
Unknown command.
Press < or > to pray at altars.
Are you sure you want to abandon this character and quit the game? (Confirm with "yes".)

#.# ##..#######.
#.## ##...........
#..# ##.....######.
##.# #.......# #.
#.# #.......# #.
##.# #.......#####.
#..####.....#......
#..^# ##...#.####..
#.@.# #.##.## #.#
#...# ##.##.# #.#
##.####...#.#####.#
#.^....#..........
######...#........
##.########.#
#.########.#
#..........#
############


There were no monsters in sight!

Vanquished Creatures
  4 bats
  2 endoplasms (D:1)
  6 ball pythons (D:1)
  A kobold (D:1)
  2 rats (D:1)
15 creatures vanquished.

Notes
Turn   | Place    | Note
-------+----------+-------------------------------------------
     0 | D:1      | spaghetti the Naga Hunter began the quest for the Orb.
     0 | D:1      | Reached XP level 1. HP: 19/19 MP: 1/1
    66 | D:1      | Reached skill level 4 in Ranged Weapons
    66 | D:1      | Reached XP level 2. HP: 25/26 MP: 2/2
   147 | D:1      | Found Bes Urch's Assorted Antiques.
   537 | D:1      | Found a faded altar of an unknown god.
   670 | D:1      | Prayed at the altar of an unknown god.
   670 | D:1      | Became a worshipper of Ashenzari the Shackled
   671 | D:1      | Quit the game

Illustrated notes

Levels and vault maps discovered:
D:1:      minmay_arrival_shoal_huts, layout_loops_ring, serial_shops, shop,
          ebering_ecumenical_altar_webs
D:2:      layout_basic

Skill      XL: |  1 |
---------------+----+-----
Ranged Weapons | 4 |  4.2
Fighting       | |  2.0
Dodging        | |  1.5
Stealth        | |  1.5

Action                     || total
---------------------------++-------
   Fire: Shortbow          ||    36
    Use: Potion            ||     2
         Scroll            ||     1
 Armour: Leather armour    ||    12
  Dodge: Dodged            ||     7
